 Dungeon Crawl Stone Soup version 0.26-a0-946-g9485abf61d (webtiles) character file.

Game seed: 16814708582073608221

1698 Descartes the Grappler (level 8, -7/82 HPs)
             Began as a Troll Monk on Nov 28, 2020.
             Mangled by Maggie
             ... wielding a +2 glaive of distortion
              (18 damage)
             ... on level 6 of the Dungeon.
             The game lasted 00:10:53 (5112 turns).

Descartes the Grappler (Troll Monk)                 Turns: 5112, Time: 00:10:53

Health: -7/82      AC:  6    Str: 22    XL:     8   Next: 72%
Magic:  7/7        EV: 10    Int:  6    God:
Gold:   305        SH:  0    Dex: 14    Spells: 6/7 levels left

rFire    . . .     SeeInvis .     - Unarmed
rCold    . . .     Faith    .   (no shield)
rNeg     + . .     Spirit   .   a - +0 robe
rPois    .         Reflect  .   (helmet restricted)
rElec    .         Harm     .   (no cloak)
rCorr    +         Rampage  .   (gloves unavailable)
MR       .....                  (boots unavailable)
Stlth    ++........             (no amulet)
HPRegen  0.63/turn              s - ring of resist corrosion
MPRegen  0.10/turn              m - ring of positive energy

@: mesmerised, hasted, very quick
A: large, unfitting armour, claws 3, regeneration 1, robust 1, shaggy fur 1,
strong 1, tough skin 3
a: no special abilities


You were on level 6 of the Dungeon.
You visited 1 branch of the dungeon, and saw 6 of its levels.
You also visited: Sewer.

You collected 565 gold pieces.
You spent 260 gold pieces at shops.

Inventory:

Hand Weapons
 x - a +2 mace of holy wrath
 A - a +0 hand crossbow
Missiles
 e - 167 stones
 k - 2 throwing nets
 o - 68 arrows
 u - 13 sling bullets
 y - 4 boomerangs (quivered)
 C - 28 bolts
Armour
 a - a +0 robe (worn)
Jewellery
 m - a ring of positive energy (right claw)
 s - a ring of resist corrosion (left claw)
Wands
 n - a wand of flame (19)
 p - a wand of random effects (13)
Scrolls
 b - 2 scrolls of enchant weapon {unknown}
 f - a scroll of noise {unknown}
 h - 2 scrolls of amnesia {unknown}
 l - 2 scrolls of remove curse
 q - a scroll of fog
 r - 3 scrolls of immolation
 w - 3 scrolls of teleportation
 B - a scroll of identify
Potions
 c - 4 potions of curing
 d - 3 potions of brilliance
 g - a potion of mutation
 i - a potion of ambrosia {unknown}
 j - 2 potions of lignification
 t - a potion of heal wounds {unknown}
 v - a potion of haste
 z - 2 potions of flight {unknown}
 D - 2 potions of cancellation {unknown}


   Skills:
 + Level 3.5 Fighting
 + Level 2.4 Throwing
 - Level 2.4 Dodging
 - Level 1.0 Stealth
 + Level 9.4 Unarmed Combat
 + Level 3.6 Translocations


You had 6 spell levels left.
You knew the following spells:

 Your Spells              Type           Power        Failure   Level
a - Apportation           Tloc           #.....       11%         1

Your spell library contained the following spells:

 Spells                   Type           Power        Failure   Level
 Animate Skeleton         Necr           #.....       45%         1
 Corona                   Hex            #......      45%         1
 Summon Small Mammal      Summ           #...         45%         1
 Ignite Poison            Fire/Tmut/Pois #.......     83%         3
 Sticky Flame             Conj/Fire      #.......     99%         4
 Summon Forest            Summ/Tloc      #.........   100%        5
 Malign Gateway           Summ/Tloc      #.........   100%        7


Dungeon Overview and Level Annotations

Branches:
Dungeon (6/15)              Sewer (visited)
 Temple: D:4-7

Altars:
Kikubaaqudgha
Sif Muna

Shops:
D:4 :

Annotations:
D:6 Maggie, Sigmund


Innate Abilities, Weirdness & Mutations

You are too large for most types of armour.
You have claws for hands.
Your natural rate of healing is unusually fast.
You are covered in fur. (AC +1)
You have extremely tough skin. (AC +3)
You are robust. (+10% HP)
Your muscles are strong. (Str +2)


Message History

Maggie is moderately wounded.
You closely miss Maggie.
Maggie is moderately wounded.
Maggie hits you with a +2 glaive of distortion.
* * * LOW HITPOINT WARNING * * *
Space bends around you.
* * * LOW HITPOINT WARNING * * *
You barely miss Maggie.
Maggie is moderately wounded.
The worker ant bites you but does no damage.
Maggie misses you.
You scratch Maggie.
Maggie is heavily wounded.
The worker ant bites you.
* * * LOW HITPOINT WARNING * * *
It was a potion of haste.
You feel yourself speed up.
Maggie hits you with a +2 glaive of distortion!
* * * LOW HITPOINT WARNING * * *
Space warps horribly around you!!
You die...

....#...# ##....##..###.# .#
.......# #.........###.##..#
.......####....##.#.##......#.#
..###..#..#.........##........##
..###.......#..............##..
...###.....###.................
..###......# #...............##
.## ##.#...###..@............#
## #...........@..............
#.............B.........##..
##..###.................# #. ##.
#................#.#
#.....#..........###
##...###.........###.. ##..#
#..............#
##†.###.............##
##....##....<.........#


You could see Maggie (mesmerising) and a worker ant.

Vanquished Creatures
  Menkaure (D:6)
  3 ogres
  A centaur (D:6)
  2 bullfrogs
  4 scorpions
  3 bullfrog zombies
  2 hounds
  4 jellies
  A bullfrog skeleton (D:5)
  3 orc priests
  A centaur skeleton (D:4)
  An orc wizard (D:4)
  An iguana (D:5)
  5 worker ants
  A killer bee zombie (D:5)
  9 adders
  A river rat (D:5)
  10 oozes
  An adder skeleton (D:3)
  3 worms (D:5)
  3 dart slugs
  9 leopard geckos
  19 orcs
  18 giant cockroaches
  7 goblins
  11 hobgoblins
  5 jackals
  4 quokkas
  11 ball pythons
  5 bats
  24 frilled lizards
  A jackal skeleton (D:4)
  A jackal zombie (D:5)
  3 kobolds
  A quokka zombie (D:6)
  14 rats
193 creatures vanquished.

Vanquished Creatures (others)
  2 plants (D:1)
2 creatures vanquished.

Grand Total: 195 creatures vanquished

Notes
Turn   | Place    | Note
-------+----------+-------------------------------------------
     0 | D:1      | Descartes the Troll Monk began the quest for the Orb.
     0 | D:1      | Reached XP level 1. HP: 22/22 MP: 0/0
   210 | D:1      | Reached XP level 2. HP: 29/29 MP: 1/1
   548 | D:1      | Reached skill level 4 in Unarmed Combat
   779 | D:2      | Reached XP level 3. HP: 27/36 MP: 2/2
   800 | D:2      | Found an ancient bone altar of Kikubaaqudgha.
   821 | D:2      | Reached skill level 5 in Unarmed Combat
   821 | D:2      | Reached XP level 4. HP: 43/44 MP: 3/3
  1351 | D:2      | Gained mutation: You are robust. (+10% HP) [potion of
                  | mutation]
  1351 | D:2      | Gained mutation: Your muscles are strong. (Str +2) [potion
                  | of mutation]
  1735 | D:3      | Reached skill level 6 in Unarmed Combat
  1735 | D:3      | Reached XP level 5. HP: 46/55 MP: 4/4
  2433 | D:4      | Reached XP level 6. HP: 29/64 MP: 5/5
  2652 | D:4      | Reached skill level 7 in Unarmed Combat
  2712 | D:4      | Found Fiaxer's Book Shoppe.
  2753 | D:4      | Bought a book of Cantrips for 260 gold pieces
  2989 | D:4      | Found a shimmering blue altar of Sif Muna.
  3364 | D:4      | Learned a level 1 spell: Apportation
  3402 | D:5      | Entered Level 5 of the Dungeon
  3472 | D:5      | Reached skill level 8 in Unarmed Combat
  3472 | D:5      | Reached XP level 7. HP: 72/72 MP: 6/6
  3502 | D:5      | Found a glowing drain.
  3512 | Sewer    | Entered a sewer
  3680 | Sewer    | Reached skill level 1 in Translocations
  4259 | D:5      | Reached skill level 9 in Unarmed Combat
  4259 | D:5      | Reached XP level 8. HP: 81/81 MP: 7/7
  4354 | D:5      | Reached skill level 1 in Throwing
  4660 | D:6      | Noticed Menkaure
  4665 | D:6      | Killed Menkaure
  4733 | D:6      | Noticed Sigmund
  4734 | D:6      | Noticed Maggie
  4952 | D:6      | Identified the Volume of the Blistering Compass
  5112 | D:6      | Mangled by Maggie

Illustrated notes

Levels and vault maps discovered:
D:1:      dpeg_arrival_fog, layout_basic, serial_forest,
          infiniplex_forest_lined_4_way, infiniplex_forest_zigzag_1,
          infiniplex_forest_clump_diagonal, infiniplex_forest_straight_5,
          infiniplex_forest_3_way, infiniplex_forest_straight_4,
          infiniplex_forest_clump_medium, infiniplex_forest_corner_2,
          hangedman_decor_clover_reticule, minmay_pentomino_p4
D:2:      layout_loops_ring, kiku_gazebo_pond_becter
D:3:      layout_loops_ring
D:4:      layout_layer_cave, led_sif_pool, serial_shops, shop_coins,
          minmay_misc_feat_doors, hangedman_decor_peaks_small, minivault_19
D:5:      layout_loops_ring, portal_sewer_entry_b
D:6:      layout_cave_pools, minmay_temple_entry_glassed_door, uniq_maggie,
          uniq_sigmund, uniq_menkaure

Skill      XL: |  1  2  3  4  5  6  7  8 |
---------------+-------------------------+-----
Unarmed Combat | 4 5 6 8 9 |  9.4
Translocations | 2 3 |  3.6
Throwing       | 2 |  2.4
Fighting       | 3 |  3.5
Dodging        | |  2.4
Stealth        | |  1.0

Action                   |  1- 3 |  4- 6 |  7- 9 || total
-------------------------+-------+-------+-------++-------
Melee: Unarmed           |    69 |   162 |   244 ||   475
       Punch             |     1 |     2 |     5 ||     8
  Use: Scroll            |       |    11 |       ||    11
       Potion            |       |     1 |     2 ||     3
 Stab: Sleeping          |       |     6 |     7 ||    13
Armor: Robe              |    26 |    41 |    90 ||   157
Dodge: Dodged            |    46 |    68 |   118 ||   232

Table legend: (Time is in decaauts)
 A = Elapsed time spent in this place.
 B = Non-inter-level travel time spent in this place.
 C = Inter-level travel time spent in this place.
 D = Time resting spent in this place.
 E = Time spent auto-exploring this place.
 F = Levels seen in this place.
 G = Mean time per level.
                   A        B        C        D        E       F      G
               +--------+--------+--------+--------+--------+-----+--------+
         Total |   5149 |   4923 |    226 |      0 |   3761 |   7 |  735.6 |
       Dungeon |   4627 |   4401 |    226 |      0 |   3497 |   6 |  771.2 |
         Sewer |    521 |    521 |      0 |      0 |    264 |   1 |  521.0 |
               +--------+--------+--------+--------+--------+-----+--------+

Top non-repeatable levels by time:
     D:4: 1295 daAuts
     D:5: 798 daAuts
     D:3: 765 daAuts
     D:1: 748 daAuts
     D:2: 690 daAuts
   Sewer: 521 daAuts
     D:6: 329 daAuts
